 Dungeon Crawl Stone Soup version 0.27.1-33-g824d729ab1 (webtiles) character file.

Game seed: 5554204746667981576

50 lordive the Insei (level 3, -1/23 HPs)
             Began as an Octopode Transmuter on Dec 26, 2021.
             Slain by an orc (2 damage)
             ... on level 2 of the Dungeon.
             The game lasted 00:01:57 (1804 turns).

lordive the Insei (Octopode Transmuter)             Turns: 1804, Time: 00:01:58

Health: -1/23      AC:  1    Str:  9    XL:     3   Next: 79%
Magic:  6/6        EV: 13    Int: 16    God:
Gold:   20         SH:  0    Dex: 12    Spells: 5/6 levels left

rFire    . . .     SeeInvis .     - Unarmed
rCold    . . .     Faith    .   (no shield)
rNeg     . . .     Spirit   .   (helmet currently unavailable)
rPois    .         Reflect  .   (no amulet)
rElec    .         Harm     .   (no ring)
rCorr    .         Rampage  .   (no ring)
Will     .....                  (no ring)
Stlth    ++........             (no ring)
HPRegen  0.07/turn              (no ring)
MPRegen  0.10/turn              (no ring)
                                (no ring)
                                (no ring)

@: appendages (expiring)
A: tentacle spike 3, almost no armour, amphibious, 8 rings, camouflage 1,
gelatinous body 1, (nimble swimmer 1), tentacles
a: End Transformation


You were on level 2 of the Dungeon.
One of your tentacles had grown a beastly spike.
You visited 1 branch of the dungeon, and saw 2 of its levels.

You collected 20 gold pieces.

Inventory:

Armour
 e - a +0 buckler
Scrolls
 a - a scroll of acquirement {unknown}
 b - a scroll of amnesia {unknown}
 c - 2 scrolls of fear {unknown}
Potions
 d - a potion of might {unknown}


   Skills:
 + Level 1.1 Fighting
 + Level 2.4 Dodging
 + Level 0.5 Stealth
 + Level 3.5 Unarmed Combat
 + Level 2.3 Spellcasting
 * Level 2.7 Transmutations


You had 5 spell levels left.
You knew the following spells:

 Your Spells              Type           Power      Damage    Failure   Level
a - Beastly Appendage     Tmut           20%        N/A       7%          1

Your spell library contained the following spells:

 Spells                   Type           Power      Damage    Failure   Level
 Wereblood                Tmut           10%        N/A       10%         2
 Spider Form              Tmut/Pois      3%         N/A       34%         3
 Ice Form                 Ice/Tmut       6%         N/A       75%         4


Dungeon Overview and Level Annotations

Branches:
Dungeon (2/15)

Altars:
Xom

Shops:
D:2 [


Innate Abilities, Weirdness & Mutations

One of your tentacles has grown a beastly spike.
You cannot wear most types of armour.
You are amphibious.
You can wear up to eight rings at the same time.
Your skin changes colour to match your surroundings (Stealth+).
Your rubbery body absorbs attacks. (AC +1, EV +1)
((You are camouflaged near water. (Stealth+)))
You have tentacles for arms and can constrict up to eight enemies at once.


Message History

You pierce the adder.
The adder is severely wounded.
You constrict the adder. The adder bites you.
You are poisoned.
The adder poisons you!
You tentacle-slap the adder.
You kill the adder!
You feel sick.
You closely miss the orc. Your grab misses the orc.
Your squeeze misses the orc.
You feel sick. The orc hits you with a +0 short sword.
You tentacle-slap the orc but do no damage.
You grab the orc.
Your tentacle spike misses the orc.
You squeeze the orc.
The orc is severely wounded.
You constrict the orc, but do no damage.
You feel sick. The orc hits you with a +0 short sword.
You tentacle-slap the orc but do no damage.
You squeeze the orc.
You kill the orc!
You feel sick.
You tentacle-slap the endoplasm but do no damage.
You feel sick.
You are no longer poisoned.
The endoplasm freezes you.
You are frozen.
* * * LOW HITPOINT WARNING * * *
You tentacle-slap the endoplasm.
You kill the endoplasm!
You barely miss the orc. You grab the orc.
You pierce the orc, but do no damage.
You constrict the orc, but do no damage.
The orc hits you with a +0 flail.
* * * LOW HITPOINT WARNING * * *
You tentacle-slap the orc but do no damage.
You pierce the orc, but do no damage.
You constrict the orc, but do no damage.
You tentacle-slap the orc but do no damage.
Your transformation is almost over.
You constrict the orc. The orc hits you with a +0 flail.
You die...

#...................
#....#.......#.#...#
#....#.......#.#...#
#....#.......#.#...#
.........###'##.....(.#.#...#
.........# #.##......)#.#...#
.........# #.##.......#.#...#
.....g...# #.#######..#.#...#
......o..###@# ##.#>#
♣........o.#o# #.#.#
.........#.#b# #...#
#...†..J..g# ##..#
♣..#######.# #..# ... #.#
#..# . #.# #..# #.# #..# #.#
##.#####


You could see an orc, a hobgoblin and a bat.

Vanquished Creatures
  An adder (D:2)
  2 dart slugs (D:2)
  An orc (D:2)
  3 ball pythons (D:1)
  2 endoplasms (D:2)
  A giant cockroach (D:1)
  2 hobgoblins
  9 jackals
  6 kobolds
  A quokka (D:2)
  4 frilled lizards
  A rat (D:2)
33 creatures vanquished.

Vanquished Creatures (others)
  4 plants (D:2)
4 creatures vanquished.

Grand Total: 37 creatures vanquished

Notes
Turn   | Place    | Note
-------+----------+-------------------------------------------
     0 | D:1      | lordive the Octopode Transmuter began the quest for the
                  | Orb.
     0 | D:1      | Reached XP level 1. HP: 13/13 MP: 3/3
     3 | D:1      | Noticed an electric eel
     4 | D:1      | Noticed an electric eel
   340 | D:1      | Reached XP level 2. HP: 14/18 MP: 3/5
  1155 | D:2      | Found a shimmering altar of Xom.
  1242 | D:2      | Reached XP level 3. HP: 18/23 MP: 4/6
  1638 | D:2      | Found Holuigia's Armour Boutique.
  1802 | D:2      | HP: 1/23 [orc (5)]
  1804 | D:2      | Slain by an orc

Illustrated notes

Levels and vault maps discovered:
D:1:      arrival_aquarium_b, layout_loops_ring
D:2:      layout_basic, shapermc_ecumenical_altar_totnotflames, serial_shops,
          shop, basic_altar, serial_bayou_lake_a

Action                   || total
-------------------------++-------
Melee: Unarmed           ||    80
       Constrict         ||    22
       Kick              ||    16
       Tentacles         ||    10
       Punch             ||     1
 Cast: Beastly Appendage ||    19
 Stab: Sleeping          ||     1
Armor: Skin              ||     6
Dodge: Dodged            ||    41
